cohdb
Replays
Latest Replays
All Replays
Popular Replays
Top Player Replays
Match Explorer
How It Works
Community
CoH3 Stats
Reddit
Sign in to upload your games and track your stats! →
Sign in with Steam
Match 43840065
Unlisted
Match 43840065
Overview
Messages
Build Orders
End
Kettenkrad Recon Vehicle
Construct Infanterie Kompanie
MG 42 Machine Gun Team
Selects Terror Battlegroup
GrW 34 Mortar Team
Grenadier Squad
Construct Luftwaffe Kompanie
MG 42 Bunker
Jäger Squad
Flak 30 Anti-aircraft Gun Team
221 Scout Car
Support Elements
Selects Contempt for the Weak
Wirbelwind Flakpanzer
Selects Propaganda Leaflet Drop
Marder III M Tank Destroyer
Propaganda Leaflet Drop
Pioneer Squad
Construct Panzergrenadier Kompanie
Pak 40 Anti-tank Gun Team
MG 42 Bunker
251 Medium Carrier
Guderian ITA
Marchino
RipCityVillan
1206806576
0
0
Comments
sign in to comment!
No comments posted yet!